Nordiques vs Rangers

Created - November 14, 2017 at 19:30

Goals
1 2 3 OT1 T
Nordiques 2 1 0 0 3
Rangers 1 1 1 1 4
Shots
1 2 3 OT1 T
Nordiques 12 6 15 0 33
Rangers 11 5 10 1 27

1st period

1. Nordiques , Daniel Briere 7 (T.J. Fast 3, R.J. Umberger 8) at 8:26
2. Nordiques , Vladimir Tarasenko 8 (Daniel Briere 14) at 13:34
3. Rangers , Gustav Nyquist 1 (Staffan Kronwall 3) at 19:15

Penalties :
Jakob Silfverberg (NYR) for Hooking (Minor) at 9:54

2nd period

4. Nordiques , Jean-Pierre Dumont 2 (Kyle Calder 2, Mark Eaton 4) at 1:19
5. Rangers , Mark Fistric 1 (Patrice Bergeron 11, Jakob Silfverberg 8) at 18:50

Penalties :
Colten Teubert (NYR) for Interference (Minor) at 2:04, Milan Lucic (NYR) for Holding (Minor) at 8:37

3rd period

6. Rangers , James Neal 11 (Milan Lucic 18, Alexei Emelin 4) at 12:05

Penalties :
Valtteri Filppula (NYR) for Hooking (Minor) at 6:24, Milan Lucic (NYR) for Delaying the game (Minor) at 14:04

Overtime #1

7. Rangers , Gustav Nyquist 2 (Mark Fistric 8, Milan Lucic 19) at 0:11

Penalties :
No Penalty

Goalie Stats

Julien Ellis (Que), 23 saves from 27 shots - (0.852), OTL, 5-2-2, 60:11 minutes
Braden Holtby (NYR), 30 saves from 33 shots - (0.909), W, 3-1-0, 60:11 minutes

Players Stats for Nordiques

Player Name              G  A  P  +/- PIM S  H  SB GA TA FO     MP     PP MP  PK MP  
------------------------------------------------------------------------------------
Chris Drury              0  0  0   0  0   3  1  0  0  0  7/12   17:40   4:45   0:00 
Daniel Briere            1  1  2   1  0   6  1  1  0  0  16/32  21:37   5:10   0:00 
Dmitry Kulikov           0  0  0  -1  0   2  0  0  1  0  0/0    12:15   0:00   0:00 
Dustin Byfuglien         0  0  0   1  0   0  3  0  0  0  0/0    21:53   4:13   0:00 
Fedor Tyutin             0  0  0  -1  0   1  5  2  0  0  0/0    26:03   5:42   0:00 
Jean-Pierre Dumont       1  0  1   1  0   3  1  2  1  0  0/0    12:39   0:00   0:00 
Kyle Calder              0  1  1   1  0   0  1  0  0  0  0/0    12:20   0:00   0:00 
Marek Svatos             0  0  0  -1  0   2  1  0  2  0  0/3    18:50   5:10   0:00 
Mark Eaton               0  1  1   1  0   0  0  0  1  0  0/0    21:53   4:13   0:00 
Matt Moulson             0  0  0   0  0   2  1  0  2  0  0/0    17:20   4:45   0:00 
Michael Ryder            0  0  0  -3  0   2  1  0  0  0  0/0     8:39   0:00   0:00 
Nikolai Kulemin          0  0  0  -3  0   0  0  0  0  0  0/1     8:39   0:00   0:00 
Paul Gaustad             0  0  0   1  0   0  0  0  0  2  3/6    12:15   0:00   0:00 
R.J. Umberger            0  1  1   2  0   4  0  1  0  1  0/1    21:14   5:10   0:00 
Rich Peverley            0  0  0  -3  0   0  0  0  0  0  1/1     8:39   0:00   0:00 
Ryan Ellis               0  0  0  -1  0   2  0  3  0  0  0/0    26:03   5:42   0:00 
T.J. Fast                0  1  1  -1  0   0  1  0  0  0  0/0    12:15   0:00   0:00 
Vladimir Tarasenko       1  0  1   2  0   6  0  0  1  0  2/3    20:30   4:45   0:00 

Players Stats for Rangers

Player Name              G  A  P  +/- PIM S  H  SB GA TA FO     MP     PP MP  PK MP  
------------------------------------------------------------------------------------
Alexei Emelin            0  1  1  -1  0   0  0  1  0  0  0/0    12:55   0:00   1:08 
Cam Barker               0  0  0   1  0   2  1  3  0  2  0/0    26:19   0:00   5:36 
Colten Teubert           0  0  0   1  2   0  0  2  0  2  0/0    20:57   0:00   3:11 
Gustav Nyquist           2  0  2   2  0   3  0  0  0  0  1/1     8:17   0:00   0:00 
Jakob Silfverberg        0  1  1   0  2   3  0  0  0  0  1/1    16:13   0:00   0:00 
James Neal               1  0  1   0  0   2  1  1  0  0  1/3    17:12   0:00   0:00 
Mark Fistric             1  1  2   2  0   2  2  0  1  0  0/0    25:27   0:00   5:36 
Matt Read                0  0  0  -1  0   3  0  0  2  0  4/10   18:22   0:00   0:00 
Mike Cammalleri          0  0  0   0  0   2  3  0  0  2  0/0    19:41   0:00   4:13 
Milan Lucic              0  2  2   1  4   3  2  1  0  0  3/6    20:23   0:00   3:18 
Nathan Gerbe             0  0  0   1  0   1  2  0  0  0  4/4    15:19   0:00   4:11 
Nick Foligno             0  0  0  -1  0   0  2  0  0  0  0/1     8:09   0:00   0:00 
Patrice Bergeron         0  1  1   0  0   3  0  0  0  0  10/18  21:08   0:00   5:08 
Ryan Suter               0  0  0   0  0   0  0  0  0  0  0/0    18:25   0:00   0:00 
Sean Couturier           0  0  0  -1  0   1  0  1  0  1  3/11   12:14   0:00   2:25 
Staffan Kronwall         0  1  1  -1  0   1  0  1  0  1  0/0    16:19   0:00   4:19 
Stephen Weiss            0  0  0   0  0   0  0  0  0  0  0/1     0:21   0:00   0:00 
Valtteri Filppula        0  0  0   1  2   1  2  0  0  0  3/3    13:03   0:00   0:35 

3 Stars

1 - Gustav Nyquist (NYR)
2 - Mark Fistric (NYR)
3 - Daniel Briere (Que)

Power Play

Nordiques - 0 on 5 Attempt(s) - 0.00%
Rangers - 0 on 0 Attempt(s) - 0.00%

Penalty Kill

Nordiques - 0 on 0 Attempt(s) - 0.00% - Score 0 goal in Penalty Kill
Rangers - 5 on 5 Attempt(s) - 100.00% - Score 0 goal in Penalty Kill

Team Stat

Nordiques - Hits : 16 - Faceoff Wins : 29 - Blocked Shots : 9 - Penalty Minutes : 0
Rangers - Hits : 15 - Faceoff Wins : 30 - Blocked Shots : 10 - Penalty Minutes : 10

Official

Referees : Kimmerly Greg and Pollock Kevin
Linesman : Ryan Galloway and Mark Pare

Game Notes

Stephen Weiss is injured at 0:33 of 1st period (Sports Hernia)

Finance

Level 1 -- Attendance: 4960 (82.67%) -- Ticket Income $471,200
Level 2 -- Attendance: 4100 (82.00%) -- Ticket Income $246,000
Level 3 -- Attendance: 1876 (93.80%) -- Ticket Income $65,660
Level 4 -- Attendance: 4000 (100.00%) -- Ticket Income $100,000
Luxury Box -- Attendance: 794 (79.40%) -- Ticket Income $142,920
Game was played at the Madison Square Garden.
Total Attendance: 15730 (87.39%)
Total Ticket Income: $1,025,780
Other Income: $153,867
Total Income: $1,179,647

Nordiques

5 vs 5 Forward 
   Center                   Left Wing                Right Wing               Time % Phy DF OF 
 1 Daniel Briere            R.J. Umberger            Vladimir Tarasenko       40     0   2  3  
 2 Chris Drury              Matt Moulson             Marek Svatos             30     0   2  3  
 3 Paul Gaustad             Kyle Calder              Jean-Pierre Dumont       20     0   3  2  
 4 Rich Peverley            Nikolai Kulemin          Michael Ryder            10     0   2  3  

5 vs 5 Defense 
   Defense                  Defense                                           Time % Phy DF OF 
 1 Fedor Tyutin             Ryan Ellis                                        40     0   4  1  
 2 Mark Eaton               Dustin Byfuglien                                  30     0   4  1  
 3 T.J. Fast                Dmitry Kulikov                                    20     0   4  1  
 4 Fedor Tyutin             Ryan Ellis                                        10     0   4  1  

PowerPlay Forward 
   Center                   Left Wing                Right Wing               Time % Phy DF OF 
 1 Daniel Briere            R.J. Umberger            Marek Svatos             60     0   0  5  
 2 Chris Drury              Matt Moulson             Vladimir Tarasenko       40     0   0  5  

PowerPlay Defense
   Defense                  Defense                                           Time % Phy DF OF 
 1 Fedor Tyutin             Ryan Ellis                                        60     0   2  3  
 2 Mark Eaton               Dustin Byfuglien                                  40     0   2  3  

Penalty Kill 4 Players Forward 
   Center                   Wing                     Time % Phy DF OF 
 1 Marek Svatos             Daniel Briere            60     0   3  2  
 2 Chris Drury              Vladimir Tarasenko       40     0   3  2  

Penalty Kill 4 Players Defense
   Defense                  Defense                  Time % Phy DF OF 
 1 Fedor Tyutin             Ryan Ellis               60     0   5  0  
 2 Mark Eaton               Dustin Byfuglien         40     0   5  0  

Penalty Kill - 3 Players Forward 
   Forward                                           Time % Phy DF OF 
 1 Marek Svatos                                      60     0   4  1  
 2 Daniel Briere                                     40     0   4  1  

Penalty Kill - 3 Players Defense
   Defense                  Defense                  Time % Phy DF OF 
 1 Fedor Tyutin             Ryan Ellis               60     0   5  0  
 2 Mark Eaton               Dustin Byfuglien         40     0   5  0  

4 vs 4 Forward 
   Center                   Wing                     Time % Phy DF OF 
 1 Marek Svatos             Daniel Briere            60     0   2  3  
 2 Chris Drury              Vladimir Tarasenko       40     0   1  4  

4 vs 4 Defense
   Defense                  Defense                  Time % Phy DF OF 
 1 Fedor Tyutin             Ryan Ellis               60     0   3  2  
 2 Mark Eaton               Dustin Byfuglien         40     0   3  2  

Last Minutes Offensive
   Center                   Left Wing                Right Wing               Defense                  Defense                  
   Daniel Briere            R.J. Umberger            Marek Svatos             Fedor Tyutin             Ryan Ellis               

Last Minutes Defensive
   Center                   Left Wing                Right Wing               Defense                  Defense                  
   Daniel Briere            R.J. Umberger            Marek Svatos             Mark Eaton               T.J. Fast                

Goaltenders
Starting : Julien Ellis             
Backup : Tyler Weiman             

Extra Forwards
Normal : Jean-Pierre Dumont, Vladimir Tarasenko, Chris Drury - PP : Vladimir Tarasenko, Daniel Briere - PK : Paul Gaustad
Extra Defensemen
Normal : Dustin Byfuglien, Dmitry Kulikov, Ryan Ellis - PP : Dustin Byfuglien - PK : Ryan Ellis, Mark Eaton
Penalty Shots
Marek Svatos, Daniel Briere, Chris Drury, Vladimir Tarasenko, R.J. Umberger

Scratches
Bruno Gervais (Healthy), Milan Bartovic (Healthy), Tim Crowder (Healthy)

Rangers

5 vs 5 Forward 
   Center                   Left Wing                Right Wing               Time % Phy DF OF 
 1 Patrice Bergeron         Milan Lucic              James Neal               40     1   2  2  
 2 Stephen Weiss            Mike Cammalleri          Jakob Silfverberg        30     1   2  2  
 3 Sean Couturier           Nick Foligno             Matt Read                20     1   2  2  
 4 Valtteri Filppula        Nathan Gerbe             Gustav Nyquist           10     1   2  2  

5 vs 5 Defense 
   Defense                  Defense                                           Time % Phy DF OF 
 1 Cam Barker               Ryan Suter                                        40     1   2  2  
 2 Mark Fistric             Colten Teubert                                    35     1   2  2  
 3 Staffan Kronwall         Alexei Emelin                                     20     1   2  2  
 4 Staffan Kronwall         Alexei Emelin                                     5      1   2  2  

PowerPlay Forward 
   Center                   Left Wing                Right Wing               Time % Phy DF OF 
 1 Patrice Bergeron         Milan Lucic              James Neal               60     1   1  3  
 2 Stephen Weiss            Mike Cammalleri          Gustav Nyquist           40     1   1  3  

PowerPlay Defense
   Defense                  Defense                                           Time % Phy DF OF 
 1 Cam Barker               Jakob Silfverberg                                 60     0   1  4  
 2 Mark Fistric             Sean Couturier                                    40     0   1  4  

Penalty Kill 4 Players Forward 
   Center                   Wing                     Time % Phy DF OF 
 1 Milan Lucic              Patrice Bergeron         60     1   2  2  
 2 Stephen Weiss            Mike Cammalleri          40     1   2  2  

Penalty Kill 4 Players Defense
   Defense                  Defense                  Time % Phy DF OF 
 1 Cam Barker               Mark Fistric             60     1   2  2  
 2 Colten Teubert           Staffan Kronwall         40     1   2  2  

Penalty Kill - 3 Players Forward 
   Forward                                           Time % Phy DF OF 
 1 Milan Lucic                                       60     1   2  2  
 2 Patrice Bergeron                                  40     1   2  2  

Penalty Kill - 3 Players Defense
   Defense                  Defense                  Time % Phy DF OF 
 1 Cam Barker               Mark Fistric             60     1   2  2  
 2 Colten Teubert           Staffan Kronwall         40     1   2  2  

4 vs 4 Forward 
   Center                   Wing                     Time % Phy DF OF 
 1 Milan Lucic              Gustav Nyquist           60     1   2  2  
 2 Stephen Weiss            Mike Cammalleri          40     1   2  2  

4 vs 4 Defense
   Defense                  Defense                  Time % Phy DF OF 
 1 Cam Barker               Mark Fistric             60     1   2  2  
 2 Colten Teubert           Ryan Suter               40     1   2  2  

Last Minutes Offensive
   Center                   Left Wing                Right Wing               Defense                  Defense                  
   Patrice Bergeron         Milan Lucic              James Neal               Cam Barker               Mark Fistric             

Last Minutes Defensive
   Center                   Left Wing                Right Wing               Defense                  Defense                  
   Patrice Bergeron         Milan Lucic              Sean Couturier           Cam Barker               Mark Fistric             

Goaltenders
Starting : Braden Holtby            
Backup : Henrik Lundqvist         

Extra Forwards
Normal : Matt Read, Valtteri Filppula, Nathan Gerbe - PP : Matt Read, Valtteri Filppula - PK : Nathan Gerbe
Extra Defensemen
Normal : Ryan Suter, Alexei Emelin, Colten Teubert - PP : Ryan Suter - PK : Alexei Emelin, Colten Teubert
Penalty Shots
Milan Lucic, Patrice Bergeron, Stephen Weiss, Mike Cammalleri, James Neal

Scratches
Darren Reid (Severed Left Wrist Tendons Injury), Matt Greene (Abdominal Strain Injury), Stephen Weiss (Sports Hernia Injury)

% Time on Ice - Nordiques

Lines # - Real PCT - Wanted PCT - Time Play
Normal Forward
1 - 33% - 40% - 16:22
2 - 26% - 30% - 13:08
3 - 24% - 20% - 11:56
4 - 17% - 10% - 8:39
Normal Defense
1 - 37% - 40% - 18:41
2 - 35% - 30% - 17:40
3 - 24% - 20% - 12:15
4 - 3% - 10% - 1:29
PP Forward
1 - 52% - 60% - 5:10
2 - 48% - 40% - 4:45
PP Defense
1 - 57% - 60% - 5:42
2 - 43% - 40% - 4:13
PK Forward
1 - 0% - 60%
2 - 0% - 40%
PK Defense
1 - 0% - 60%
2 - 0% - 40%
PK3 Forward
1 - 0% - 60%
2 - 0% - 40%
PK3 Defense
1 - 0% - 60%
2 - 0% - 40%
44 Forward
1 - 100% - 60% - 0:11
2 - 0% - 40% - 0:00
44 Defense
1 - 100% - 60% - 0:11
2 - 0% - 40% - 0:00
Last Minute Offensive  - 0:00
Last Minute Defensive  - 0:00
Total
Forward - 60:11
Defense - 60:11

% Time on Ice - Rangers

Lines # - Real PCT - Wanted PCT - Time Play
Normal Forward
1 - 37% - 40% - 18:41
2 - 30% - 30% - 15:09
3 - 16% - 20% - 8:09
4 - 16% - 10% - 8:06
Normal Defense
1 - 41% - 40% - 20:32
2 - 36% - 35% - 17:47
3 - 20% - 20% - 9:55
4 - 4% - 5% - 1:51
PP Forward
1 - 0% - 60%
2 - 0% - 40%
PP Defense
1 - 0% - 60%
2 - 0% - 40%
PK Forward
1 - 80% - 60% - 7:58
2 - 20% - 40% - 1:57
PK Defense
1 - 56% - 60% - 5:36
2 - 44% - 40% - 4:19
PK3 Forward
1 - 0% - 60%
2 - 0% - 40%
PK3 Defense
1 - 0% - 60%
2 - 0% - 40%
44 Forward
1 - 100% - 60% - 0:11
2 - 0% - 40% - 0:00
44 Defense
1 - 100% - 60% - 0:11
2 - 0% - 40% - 0:00
Last Minute Offensive  - 0:00
Last Minute Defensive  - 0:00
Total
Forward - 60:11
Defense - 60:11

Play by Play

1st period


0:01 of 1st period - Daniel Briere wins face-off versus James Neal in neutral zone.
0:04 of 1st period - Wrist shot by Vladimir Tarasenko.
0:04 of 1st period - Shot Blocked by James Neal.
0:12 of 1st period - Snap shot by Vladimir Tarasenko.
0:12 of 1st period - Deflect By Daniel Briere.
0:12 of 1st period - Stopped by Braden Holtby without a rebound.
0:13 of 1st period - Chris Drury wins face-off versus Stephen Weiss in Rangers zone.
0:32 of 1st period - Stephen Weiss is hit by Chris Drury and loses puck.
0:33 of 1st period - Stephen Weiss from Rangers is injured at 0:33 of 1st period (Sports Hernia).
0:34 of 1st period - Paul Gaustad wins face-off versus Sean Couturier in Rangers zone.
0:56 of 1st period - Icing by T.J. Fast.
0:57 of 1st period - Patrice Bergeron wins face-off versus Paul Gaustad in Nordiques zone.
1:12 of 1st period - Wrist shot by Patrice Bergeron.
1:12 of 1st period - Shot Blocked by Jean-Pierre Dumont.
1:14 of 1st period - Snap shot by James Neal.
1:14 of 1st period - Shot Misses the Net.
4:08 of 1st period - Colten Teubert is hit by Fedor Tyutin and loses puck.
5:10 of 1st period - Slapshot by Valtteri Filppula.
5:10 of 1st period - Stopped by Julien Ellis without a rebound.
5:11 of 1st period - Valtteri Filppula wins face-off versus Chris Drury in Nordiques zone.
5:12 of 1st period - Slapshot by Gustav Nyquist.
5:12 of 1st period - Stopped by Julien Ellis without a rebound.
5:13 of 1st period - Valtteri Filppula wins face-off versus Chris Drury in Nordiques zone.
5:16 of 1st period - Snap shot by Valtteri Filppula.
5:16 of 1st period - Shot Misses the Net.
5:26 of 1st period - Wrist shot by Chris Drury.
5:26 of 1st period - Stopped by Braden Holtby with a rebound.
5:36 of 1st period - Snap shot by Gustav Nyquist.
5:36 of 1st period - Shot Blocked by R.J. Umberger.
5:44 of 1st period - Fedor Tyutin is hit by Valtteri Filppula and loses puck.
6:54 of 1st period - Snap shot by Vladimir Tarasenko.
6:54 of 1st period - Stopped by Braden Holtby without a rebound.
6:55 of 1st period - Patrice Bergeron wins face-off versus Vladimir Tarasenko in Rangers zone.
7:45 of 1st period - Ryan Ellis is hit by Mark Fistric and loses puck.
8:18 of 1st period - Slapshot by Vladimir Tarasenko.
8:18 of 1st period - Shot Blocked by Milan Lucic.
8:20 of 1st period - Slapshot by T.J. Fast.
8:20 of 1st period - Shot Blocked by Alexei Emelin.
8:22 of 1st period - Wrist shot by R.J. Umberger.
8:22 of 1st period - Stopped by Braden Holtby with a rebound.
8:24 of 1st period - Slapshot by T.J. Fast.
8:24 of 1st period - Shot Blocked by Staffan Kronwall.
8:26 of 1st period - Backhand shot by Daniel Briere.
8:26 of 1st period - Goal by Daniel Briere - Nordiques : 1 - Rangers : 0.
8:27 of 1st period - Patrice Bergeron wins face-off versus Daniel Briere in neutral zone.
9:10 of 1st period - Icing by Chris Drury.
9:11 of 1st period - Valtteri Filppula wins face-off versus Chris Drury in Nordiques zone.
9:20 of 1st period - Snap shot by Marek Svatos.
9:20 of 1st period - Stopped by Braden Holtby without a rebound.
9:21 of 1st period - Patrice Bergeron wins face-off versus R.J. Umberger in Rangers zone.
9:32 of 1st period - Snap shot by Vladimir Tarasenko.
9:32 of 1st period - Stopped by Braden Holtby without a rebound.
9:33 of 1st period - Daniel Briere wins face-off versus Matt Read in Rangers zone.
9:42 of 1st period - Snap shot by Daniel Briere.
9:42 of 1st period - Shot Misses the Net.
9:44 of 1st period - Slapshot by Ryan Ellis.
9:44 of 1st period - Deflect By R.J. Umberger.
9:44 of 1st period - Stopped by Braden Holtby with a rebound.
9:48 of 1st period - Wrist shot by Vladimir Tarasenko.
9:48 of 1st period - Shot Blocked by Colten Teubert.
9:54 of 1st period - Minor Penalty to Jakob Silfverberg for Hooking.
9:55 of 1st period - Daniel Briere wins face-off versus Milan Lucic in Rangers zone.
9:56 of 1st period - Snap shot by Marek Svatos.
9:56 of 1st period - Shot Blocked by Cam Barker.
9:58 of 1st period - Wrist shot by Fedor Tyutin.
9:58 of 1st period - Stopped by Braden Holtby with a rebound.
10:00 of 1st period - Slapshot by Ryan Ellis.
10:00 of 1st period - Deflect By Marek Svatos.
10:00 of 1st period - Shot Misses the Net.
10:00 of 1st period - Puck is out of play.
10:01 of 1st period - Patrice Bergeron wins face-off versus Daniel Briere in Rangers zone.
10:41 of 1st period - Icing by Ryan Ellis.
10:42 of 1st period - Milan Lucic wins face-off versus Chris Drury in Nordiques zone.
11:54 of 1st period - Penalty to Jakob Silfverberg is over, Jakob Silfverberg is back on ice.
12:10 of 1st period - Wrist shot by Mike Cammalleri.
12:10 of 1st period - Shot Misses the Net.
12:26 of 1st period - Wrist shot by Mike Cammalleri.
12:26 of 1st period - Shot Blocked by Jean-Pierre Dumont.
12:42 of 1st period - Dustin Byfuglien is hit by Nathan Gerbe and loses puck.
13:23 of 1st period - Slapshot by Cam Barker.
13:23 of 1st period - Stopped by Julien Ellis without a rebound.
13:24 of 1st period - Daniel Briere wins face-off versus Sean Couturier in Nordiques zone.
13:24 of 1st period - Daniel Briere is hit by Nick Foligno.
13:34 of 1st period - Wrist shot by Vladimir Tarasenko.
13:34 of 1st period - Goal by Vladimir Tarasenko - Nordiques : 2 - Rangers : 0.
13:35 of 1st period - Sean Couturier wins face-off versus Daniel Briere in neutral zone.
13:47 of 1st period - Wrist shot by R.J. Umberger.
13:47 of 1st period - Stopped by Braden Holtby without a rebound.
13:48 of 1st period - Daniel Briere wins face-off versus Sean Couturier in Rangers zone.
13:58 of 1st period - Wrist shot by Matt Read.
13:58 of 1st period - Shot Misses the Net.
14:04 of 1st period - Wrist shot by Sean Couturier.
14:04 of 1st period - Stopped by Julien Ellis without a rebound.
14:05 of 1st period - Chris Drury wins face-off versus Patrice Bergeron in Nordiques zone.
14:05 of 1st period - Chris Drury is hit by Mark Fistric.
15:18 of 1st period - Snap shot by Nathan Gerbe.
15:18 of 1st period - Shot Misses the Net.
15:20 of 1st period - Snap shot by Jakob Silfverberg.
15:20 of 1st period - Shot Misses the Net.
15:22 of 1st period - Slapshot by Matt Read.
15:22 of 1st period - Stopped by Julien Ellis without a rebound.
15:23 of 1st period - Matt Read wins face-off versus Daniel Briere in Nordiques zone.
15:54 of 1st period - Snap shot by Milan Lucic.
15:54 of 1st period - Stopped by Julien Ellis with a rebound.
15:56 of 1st period - Slapshot by James Neal.
15:56 of 1st period - Stopped by Julien Ellis with a rebound.
15:58 of 1st period - Backhand shot by Milan Lucic.
15:58 of 1st period - Stopped by Julien Ellis with a rebound.
16:39 of 1st period - Snap shot by Mike Cammalleri.
16:39 of 1st period - Stopped by Julien Ellis with a rebound.
16:53 of 1st period - Wrist shot by Milan Lucic.
16:53 of 1st period - Stopped by Julien Ellis with a rebound.
17:50 of 1st period - Slapshot by Mark Eaton.
17:50 of 1st period - Deflect By Paul Gaustad.
17:50 of 1st period - Shot Blocked by Sean Couturier.
17:50 of 1st period - Puck is out of play.
17:51 of 1st period - Sean Couturier wins face-off versus Paul Gaustad in Rangers zone.
18:12 of 1st period - Slapshot by Milan Lucic.
18:12 of 1st period - Shot Blocked by Ryan Ellis.
18:14 of 1st period - Snap shot by Alexei Emelin.
18:14 of 1st period - Shot Blocked by Fedor Tyutin.
18:16 of 1st period - Slapshot by Ryan Suter.
18:16 of 1st period - Shot Misses the Net.
18:18 of 1st period - Snap shot by James Neal.
18:18 of 1st period - Shot Blocked by Ryan Ellis.
18:20 of 1st period - Snap shot by James Neal.
18:20 of 1st period - Deflect By Patrice Bergeron.
18:20 of 1st period - Shot Misses the Net.
18:20 of 1st period - Puck is out of play.
18:21 of 1st period - Matt Read wins face-off versus Daniel Briere in Nordiques zone.
18:32 of 1st period - Wrist shot by Jakob Silfverberg.
18:32 of 1st period - Shot Misses the Net.
18:48 of 1st period - Matt Moulson is hit by Milan Lucic and loses puck.
19:15 of 1st period - Slapshot by Gustav Nyquist.
19:15 of 1st period - Goal by Gustav Nyquist - Nordiques : 2 - Rangers : 1.
19:16 of 1st period - Jakob Silfverberg wins face-off versus Daniel Briere in neutral zone.
19:41 of 1st period - Mark Fistric is hit by Fedor Tyutin and loses puck.
19:52 of 1st period - Slapshot by Ryan Ellis.
19:52 of 1st period - Stopped by Braden Holtby with a rebound.
Goals for this period are 2 for Nordiques vs 1 for Rangers.
Shots for this period are 12 for Nordiques vs 11 for Rangers.

2nd period


0:01 of 2nd period - Patrice Bergeron wins face-off versus Daniel Briere in neutral zone.
0:38 of 2nd period - Matt Moulson is hit by Mike Cammalleri and loses puck.
1:19 of 2nd period - Slapshot by Jean-Pierre Dumont.
1:19 of 2nd period - Goal by Jean-Pierre Dumont - Nordiques : 3 - Rangers : 1.
1:20 of 2nd period - Daniel Briere wins face-off versus Patrice Bergeron in neutral zone.
1:25 of 2nd period - Slapshot by Vladimir Tarasenko.
1:25 of 2nd period - Stopped by Braden Holtby with a rebound.
1:27 of 2nd period - Snap shot by R.J. Umberger.
1:27 of 2nd period - Shot Blocked by Colten Teubert.
1:29 of 2nd period - Wrist shot by Vladimir Tarasenko.
1:29 of 2nd period - Stopped by Braden Holtby with a rebound.
1:45 of 2nd period - Milan Lucic is hit by Jean-Pierre Dumont and loses puck.
2:04 of 2nd period - Minor Penalty to Colten Teubert for Interference.
2:05 of 2nd period - Daniel Briere wins face-off versus Milan Lucic in Rangers zone.
4:04 of 2nd period - Penalty to Colten Teubert is over, Colten Teubert is back on ice.
4:25 of 2nd period - Wrist shot by Michael Ryder.
4:25 of 2nd period - Stopped by Braden Holtby with a rebound.
6:03 of 2nd period - Nikolai Kulemin is hit by Nathan Gerbe and loses puck.
6:50 of 2nd period - Gustav Nyquist is hit by Dustin Byfuglien and loses puck.
7:22 of 2nd period - Wrist shot by Matt Read.
7:22 of 2nd period - Stopped by Julien Ellis without a rebound.
7:23 of 2nd period - Sean Couturier wins face-off versus Daniel Briere in Nordiques zone.
7:28 of 2nd period - Wrist shot by Matt Read.
7:28 of 2nd period - Shot Blocked by Fedor Tyutin.
7:32 of 2nd period - Snap shot by Matt Read.
7:32 of 2nd period - Stopped by Julien Ellis with a rebound.
7:53 of 2nd period - Snap shot by Marek Svatos.
7:53 of 2nd period - Stopped by Braden Holtby with a rebound.
7:55 of 2nd period - Slapshot by Fedor Tyutin.
7:55 of 2nd period - Shot Misses the Net.
8:06 of 2nd period - Off-side.
8:07 of 2nd period - Rich Peverley wins face-off versus Matt Read in neutral zone.
8:37 of 2nd period - Minor Penalty to Milan Lucic for Holding.
8:38 of 2nd period - Nathan Gerbe wins face-off versus Daniel Briere in Rangers zone.
8:48 of 2nd period - Slapshot by Fedor Tyutin.
8:48 of 2nd period - Shot Misses the Net.
10:37 of 2nd period - Penalty to Milan Lucic is over, Milan Lucic is back on ice.
11:31 of 2nd period - Fedor Tyutin is hit by Nick Foligno and loses puck.
13:20 of 2nd period - Chris Drury is hit by Mike Cammalleri and loses puck.
15:21 of 2nd period - Jean-Pierre Dumont is hit by Cam Barker.
16:30 of 2nd period - Mike Cammalleri is hit by Daniel Briere and loses puck.
16:43 of 2nd period - Valtteri Filppula is hit by T.J. Fast and loses puck.
17:03 of 2nd period - James Neal is hit by Michael Ryder.
17:20 of 2nd period - Colten Teubert is hit by Fedor Tyutin and loses puck.
17:53 of 2nd period - Valtteri Filppula is hit by Matt Moulson and loses puck.
18:12 of 2nd period - Sean Couturier is hit by Kyle Calder and loses puck.
18:19 of 2nd period - Nick Foligno is hit by Dustin Byfuglien and loses puck.
18:32 of 2nd period - Ryan Ellis is hit by James Neal and loses puck.
18:42 of 2nd period - Icing by Ryan Ellis.
18:43 of 2nd period - Nathan Gerbe wins face-off versus Nikolai Kulemin in Nordiques zone.
18:44 of 2nd period - Wrist shot by Jakob Silfverberg.
18:44 of 2nd period - Shot Misses the Net.
18:46 of 2nd period - Wrist shot by Patrice Bergeron.
18:46 of 2nd period - Stopped by Julien Ellis with a rebound.
18:48 of 2nd period - Slapshot by Mark Fistric.
18:48 of 2nd period - Stopped by Julien Ellis with a rebound.
18:50 of 2nd period - Slapshot by Mark Fistric.
18:50 of 2nd period - Goal by Mark Fistric - Nordiques : 3 - Rangers : 2.
18:51 of 2nd period - Daniel Briere wins face-off versus Patrice Bergeron in neutral zone.
18:55 of 2nd period - Off-side.
18:56 of 2nd period - Vladimir Tarasenko wins face-off versus Patrice Bergeron in neutral zone.
18:59 of 2nd period - Wrist shot by Daniel Briere.
18:59 of 2nd period - Stopped by Braden Holtby with a rebound.
19:26 of 2nd period - Off-side.
19:27 of 2nd period - Chris Drury wins face-off versus Matt Read in neutral zone.
19:30 of 2nd period - Mike Cammalleri is hit by Marek Svatos and loses puck.
19:45 of 2nd period - Snap shot by Jakob Silfverberg.
19:45 of 2nd period - Deflect By Mike Cammalleri.
19:45 of 2nd period - Shot Misses the Net.
19:45 of 2nd period - Puck is out of play.
19:46 of 2nd period - Patrice Bergeron wins face-off versus Daniel Briere in Nordiques zone.
19:49 of 2nd period - Backhand shot by Milan Lucic.
19:49 of 2nd period - Shot Misses the Net.
Goals for this period are 1 for Nordiques vs 1 for Rangers.
Shots for this period are 6 for Nordiques vs 5 for Rangers.

3rd period


0:01 of 3rd period - Patrice Bergeron wins face-off versus Daniel Briere in neutral zone.
0:03 of 3rd period - Off-side.
0:04 of 3rd period - Patrice Bergeron wins face-off versus Daniel Briere in neutral zone.
0:07 of 3rd period - Slapshot by Cam Barker.
0:07 of 3rd period - Deflect By Patrice Bergeron.
0:07 of 3rd period - Stopped by Julien Ellis with a rebound.
0:09 of 3rd period - Slapshot by Cam Barker.
0:09 of 3rd period - Stopped by Julien Ellis without a rebound.
0:10 of 3rd period - Patrice Bergeron wins face-off versus Daniel Briere in Nordiques zone.
0:32 of 3rd period - Slapshot by Patrice Bergeron.
0:32 of 3rd period - Shot Misses the Net.
0:44 of 3rd period - Snap shot by R.J. Umberger.
0:44 of 3rd period - Stopped by Braden Holtby without a rebound.
0:45 of 3rd period - Chris Drury wins face-off versus Matt Read in Rangers zone.
0:46 of 3rd period - Wrist shot by Matt Moulson.
0:46 of 3rd period - Shot Misses the Net.
1:36 of 3rd period - Wrist shot by Vladimir Tarasenko.
1:36 of 3rd period - Shot Misses the Net.
1:38 of 3rd period - Snap shot by Daniel Briere.
1:38 of 3rd period - Shot Misses the Net.
1:40 of 3rd period - Wrist shot by Daniel Briere.
1:40 of 3rd period - Stopped by Braden Holtby without a rebound.
1:41 of 3rd period - Chris Drury wins face-off versus Sean Couturier in Rangers zone.
1:44 of 3rd period - Wrist shot by Chris Drury.
1:44 of 3rd period - Stopped by Braden Holtby without a rebound.
1:45 of 3rd period - Chris Drury wins face-off versus Sean Couturier in Rangers zone.
1:48 of 3rd period - Snap shot by Matt Moulson.
1:48 of 3rd period - Stopped by Braden Holtby with a rebound.
2:16 of 3rd period - Snap shot by Jakob Silfverberg.
2:16 of 3rd period - Shot Misses the Net.
2:18 of 3rd period - Snap shot by Jakob Silfverberg.
2:18 of 3rd period - Stopped by Julien Ellis without a rebound.
2:19 of 3rd period - Matt Read wins face-off versus Daniel Briere in Nordiques zone.
2:24 of 3rd period - Snap shot by Jakob Silfverberg.
2:24 of 3rd period - Stopped by Julien Ellis without a rebound.
2:25 of 3rd period - Daniel Briere wins face-off versus Patrice Bergeron in Nordiques zone.
2:32 of 3rd period - Snap shot by Vladimir Tarasenko.
2:32 of 3rd period - Stopped by Braden Holtby with a rebound.
3:18 of 3rd period - Mark Eaton is hit by Valtteri Filppula and loses puck.
4:22 of 3rd period - Slapshot by Dmitry Kulikov.
4:22 of 3rd period - Deflect By Milan Lucic.
4:22 of 3rd period - Stopped by Braden Holtby without a rebound.
4:23 of 3rd period - Daniel Briere wins face-off versus James Neal in Rangers zone.
5:01 of 3rd period - Wrist shot by Matt Moulson.
5:01 of 3rd period - Shot Misses the Net.
5:40 of 3rd period - Patrice Bergeron is hit by Fedor Tyutin and loses puck.
5:59 of 3rd period - Snap shot by R.J. Umberger.
5:59 of 3rd period - Shot Misses the Net.
6:17 of 3rd period - Snap shot by Jakob Silfverberg.
6:17 of 3rd period - Shot Misses the Net.
6:24 of 3rd period - Minor Penalty to Valtteri Filppula for Hooking.
6:25 of 3rd period - Daniel Briere wins face-off versus Milan Lucic in Rangers zone.
7:50 of 3rd period - Icing by Ryan Ellis.
7:51 of 3rd period - Nathan Gerbe wins face-off versus Marek Svatos in Nordiques zone.
7:52 of 3rd period - Slapshot by Mike Cammalleri.
7:52 of 3rd period - Stopped by Julien Ellis with a rebound.
8:24 of 3rd period - Penalty to Valtteri Filppula is over, Valtteri Filppula is back on ice.
8:44 of 3rd period - Snap shot by Michael Ryder.
8:44 of 3rd period - Stopped by Braden Holtby with a rebound.
8:46 of 3rd period - Wrist shot by Dmitry Kulikov.
8:46 of 3rd period - Shot Blocked by Cam Barker.
8:48 of 3rd period - Slapshot by Nikolai Kulemin.
8:48 of 3rd period - Shot Misses the Net.
8:50 of 3rd period - Slapshot by Rich Peverley.
8:50 of 3rd period - Shot Blocked by Cam Barker.
9:20 of 3rd period - Cam Barker is hit by Dustin Byfuglien.
9:35 of 3rd period - Snap shot by Jakob Silfverberg.
9:35 of 3rd period - Stopped by Julien Ellis without a rebound.
9:36 of 3rd period - James Neal wins face-off versus Chris Drury in Nordiques zone.
9:53 of 3rd period - Snap shot by Matt Moulson.
9:53 of 3rd period - Stopped by Braden Holtby without a rebound.
9:54 of 3rd period - Daniel Briere wins face-off versus Nick Foligno in Rangers zone.
9:55 of 3rd period - Snap shot by Vladimir Tarasenko.
9:55 of 3rd period - Shot Misses the Net.
9:57 of 3rd period - Wrist shot by Daniel Briere.
9:57 of 3rd period - Stopped by Braden Holtby with a rebound.
9:59 of 3rd period - Wrist shot by Ryan Ellis.
9:59 of 3rd period - Stopped by Braden Holtby without a rebound.
10:00 of 3rd period - Daniel Briere wins face-off versus Sean Couturier in Rangers zone.
10:05 of 3rd period - Wrist shot by Vladimir Tarasenko.
10:05 of 3rd period - Shot Misses the Net.
10:34 of 3rd period - Slapshot by Patrice Bergeron.
10:34 of 3rd period - Shot Blocked by Ryan Ellis.
10:36 of 3rd period - Wrist shot by James Neal.
10:36 of 3rd period - Shot Misses the Net.
10:38 of 3rd period - Snap shot by Patrice Bergeron.
10:38 of 3rd period - Stopped by Julien Ellis without a rebound.
10:39 of 3rd period - Matt Read wins face-off versus Daniel Briere in Nordiques zone.
10:50 of 3rd period - Wrist shot by Jakob Silfverberg.
10:50 of 3rd period - Deflect By Dustin Byfuglien.
10:50 of 3rd period - Shot Blocked by Daniel Briere.
10:50 of 3rd period - Puck is out of play.
10:51 of 3rd period - Vladimir Tarasenko wins face-off versus Patrice Bergeron in Nordiques zone.
12:05 of 3rd period - Snap shot by James Neal.
12:05 of 3rd period - Goal by James Neal - Nordiques : 3 - Rangers : 3.
12:06 of 3rd period - Daniel Briere wins face-off versus Patrice Bergeron in neutral zone.
13:18 of 3rd period - Wrist shot by Paul Gaustad.
13:18 of 3rd period - Shot Misses the Net.
13:29 of 3rd period - Icing by Paul Gaustad.
13:30 of 3rd period - Gustav Nyquist wins face-off versus Paul Gaustad in Nordiques zone.
13:33 of 3rd period - Wrist shot by Nathan Gerbe.
13:33 of 3rd period - Stopped by Julien Ellis without a rebound.
13:34 of 3rd period - Daniel Briere wins face-off versus Matt Read in Nordiques zone.
13:49 of 3rd period - Snap shot by Daniel Briere.
13:49 of 3rd period - Stopped by Braden Holtby without a rebound.
13:50 of 3rd period - Chris Drury wins face-off versus Patrice Bergeron in Rangers zone.
14:04 of 3rd period - Minor Penalty to Milan Lucic for Delaying the game.
14:05 of 3rd period - Nathan Gerbe wins face-off versus Daniel Briere in Rangers zone.
14:24 of 3rd period - Patrice Bergeron is hit by Fedor Tyutin and loses puck.
15:18 of 3rd period - R.J. Umberger is hit by Mike Cammalleri.
16:04 of 3rd period - Penalty to Milan Lucic is over, Milan Lucic is back on ice.
16:16 of 3rd period - Wrist shot by Jakob Silfverberg.
16:16 of 3rd period - Shot Misses the Net.
17:46 of 3rd period - Off-side.
17:47 of 3rd period - Paul Gaustad wins face-off versus Sean Couturier in neutral zone.
17:50 of 3rd period - Slapshot by Dmitry Kulikov.
17:50 of 3rd period - Stopped by Braden Holtby without a rebound.
17:51 of 3rd period - Paul Gaustad wins face-off versus Matt Read in Rangers zone.
18:00 of 3rd period - Slapshot by Staffan Kronwall.
18:00 of 3rd period - Stopped by Julien Ellis without a rebound.
18:01 of 3rd period - Daniel Briere wins face-off versus Sean Couturier in Nordiques zone.
18:26 of 3rd period - Fedor Tyutin is hit by Milan Lucic and loses puck.
19:49 of 3rd period - Slapshot by Jean-Pierre Dumont.
19:49 of 3rd period - Stopped by Braden Holtby with a rebound.
19:51 of 3rd period - Wrist shot by Jean-Pierre Dumont.
19:51 of 3rd period - Stopped by Braden Holtby with a rebound.
19:53 of 3rd period - Slapshot by Chris Drury.
19:53 of 3rd period - Stopped by Braden Holtby with a rebound.
Goals for this period are 0 for Nordiques vs 1 for Rangers.
Shots for this period are 15 for Nordiques vs 10 for Rangers.

Overtime #1


0:01 of 1st overtime period - Milan Lucic wins face-off versus Marek Svatos in neutral zone.
0:03 of 1st overtime period - Off-side.
0:04 of 1st overtime period - Milan Lucic wins face-off versus Marek Svatos in neutral zone.
0:07 of 1st overtime period - Snap shot by Milan Lucic.
0:07 of 1st overtime period - Shot Misses the Net.
0:09 of 1st overtime period - Slapshot by Mark Fistric.
0:09 of 1st overtime period - Shot Misses the Net.
0:11 of 1st overtime period - Slapshot by Mark Fistric.
0:11 of 1st overtime period - Deflect By Gustav Nyquist.
0:11 of 1st overtime period - Goal by Gustav Nyquist - Nordiques : 3 - Rangers : 4.
Goals for this period are 0 for Nordiques vs 1 for Rangers.
Shots for this period are 0 for Nordiques vs 1 for Rangers.